 Dungeon Crawl Stone Soup version 0.30.1-4-g462c640d31 (webtiles) character file.

Game seed: 15173253916046621620

50 Nick1 the Shield-Bearer (level 4, -4/35 HPs)
             Began as a Formicid Fighter on Sept 17, 2023.
             Slain by a gnoll
             ... wielding a +0 flail
              (7 damage)
             ... on level 2 of the Dungeon.
             The game lasted 00:04:20 (1081 turns).

Nick1 the Shield-Bearer (Formicid Fighter)          Turns: 1081, Time: 00:04:21

Health: -4/35      AC:  7    Str: 22    XL:     4   Next: 4%
Magic:  4/4        EV:  9    Int:  8    God:
Gold:   77         SH:  5    Dex: 13    Spells: 3/3 levels left

rFire   . . .        a - +0 war axe
rCold   . . .        c - +0 buckler
rNeg    . . .        b - +0 scale mail
rPois   .            (helmet unavailable)
rElec   .            (no cloak)
rCorr   .            (no gloves)
SInv    +            (no boots)
Will    .....        (no amulet) Stlth
                     (no ring)
HPRegen 0.25/turn    (no ring)
MPRegen 0.09/turn

%: no passive effects
@: mighty, brilliant
A: permanent stasis, dig shafts and tunnels, antennae 3, four strong arms
a: Dig, Shaft Self


You were on level 2 of the Dungeon.
You visited 1 branch of the dungeon, and saw 2 of its levels.

You collected 77 gold pieces.

Inventory:

Hand Weapons
 a - a +0 war axe (weapon)
Missiles
 h - a throwing net
Armour
 b - a +0 scale mail (worn)
 c - a +0 buckler (worn)
Scrolls
 f - a scroll of magic mapping {unknown}
 g - a scroll of teleportation {unknown}
Potions
 d - a potion of might
 e - a potion of flight


   Skills:
 * Level 3.4 Fighting
 * Level 2.9 Axes
 * Level 4.0 Armour
 + Level 0.1 Dodging
 * Level 4.3 Shields


You had 3 spell levels left.
You didn't know any spells.
Your spell library contained the following spells:

 Spells                   Type           Power      Damage    Failure   Level
 Manifold Assault         Tloc           0%         N/A       100%        4
 Storm Form               Tmut/Air       0%         N/A       100%        7
 Blink                    Tloc           Unusable   N/A       N/A         2

Dungeon Overview and Level Annotations

Branches:
Dungeon (2/15)

Altars:

Shops:
D:2 :[:


Innate Abilities, Weirdness & Mutations

You cannot be hasted, slowed, berserked, paralysed or teleported.
You can dig through walls and to a lower floor.
You have a pair of large antennae on your head. (SInv)
Your four strong arms can wield two-handed weapons with a shield.


Message History

The endoplasm quivers.
An endoplasm is nearby!
The endoplasm hits you.
You hit the endoplasm but do no damage. The endoplasm freezes you.
You are frozen.
The endoplasm closely misses you.
You slash the endoplasm!
You kill the endoplasm!
HP restored.
You sense a monster nearby.
You sense a monster nearby.
You sense a monster nearby. 3 gnolls come into view.
A gnoll is wielding a +0 halberd of protection.
The gnoll shouts! x2
The gnoll moves out of view.
An adder and a gnoll come into view.
Found a whip.
The adder hisses angrily.
The gnoll shouts!
You block the gnoll's attack. The gnoll hits you with a +0 flail!
The gnoll misses you.
The gnoll hits you with a +0 halberd of protection.
You feel very mighty all of a sudden. The gnoll hits you with a +0 flail.
The gnoll closely misses you. The gnoll barely misses you.
You slash the gnoll!
You kill the gnoll!
You closely miss the gnoll. You hit the gnoll.
The gnoll hits you with a +0 flail. The gnoll hits you but does no damage.
The adder bites you but does no damage. The gnoll hits you with a +0 flail!
* * * LOW HITPOINT WARNING * * *
The gnoll completely misses you.
Your Armour skill increases to level 4!
You have reached level 4!
You feel clever.
It was a potion of brilliance.
You feel clever all of a sudden. The adder barely misses you.
The gnoll completely misses you. The gnoll closely misses you.
The gnoll hits you with a +0 flail!
You die...

#... #.## #.# #.#
################.##
#................#.
#.################.
#.#####.## #
#.@g).....
#ggS......
#......... #.
#......... #.
#......... ##
#.........
##........
######.## ## ..


You could see 3 gnolls and an adder.

Vanquished Creatures
  A gnoll (D:2)
  A dart slug (D:1)
  A worm (D:2)
  3 endoplasms
  2 giant cockroaches (D:1)
  3 goblins
  2 hobgoblins (D:2)
  8 jackals (D:1)
  2 quokkas (D:1)
  3 ball pythons
  2 bats (D:1)
  2 frilled lizards (D:1)
  A rat (D:1)
31 creatures vanquished.

Notes
Turn   | Place    | Note
-------+----------+-------------------------------------------
     0 | D:1      | Nick1 the Formicid Fighter began the quest for the Orb.
     0 | D:1      | Reached XP level 1. HP: 18/18 MP: 1/1
   142 | D:1      | Reached XP level 2. HP: 23/24 MP: 2/2
   537 | D:1      | Reached XP level 3. HP: 18/29 MP: 3/3
   800 | D:1      | Found a faded altar of an unknown god.
   958 | D:2      | Found Tiamelim's Book Boutique.
   969 | D:2      | Found Fukygut's Antique Armour Shop.
   974 | D:2      | Found Isiag's Book Boutique.
  1081 | D:2      | Reached XP level 4. HP: 2/35 MP: 4/4
  1081 | D:2      | Slain by a gnoll

Illustrated notes

Levels and vault maps discovered:
D:1:      dpeg_chamrin_arrival_tetris, layout_loops_cross,
          ebering_ecumenical_altar_hall, kennysheep_small_spiral
D:2:      layout_basic, serial_shops,
          nicolae_shop_temple_entry_statues_fountains, shop, shop,
          nicolae_shop_scrapyard, minmay_misc_feat_roman

Skill      XL: |  1  2  3 |
---------------+----------+-----
Armour         | 4 |  4.0
Fighting       | |  3.4
Axes           | |  2.9
Dodging        | |  0.1
Shields        | |  4.3

Action                     |  1- 3 |  4- 6 || total
---------------------------+-------+-------++-------
  Melee: War axe           |   124 |       ||   124
    Use: Potion            |     1 |     1 ||     2
         Scroll            |     1 |       ||     1
 Armour: Scale mail        |    67 |       ||    67
  Dodge: Dodged            |    72 |     3 ||    75
  Block: Buckler           |    38 |       ||    38
